 Dungeon Crawl Stone Soup version 0.29-a0-653-gd47aff6735 (webtiles) character file.

Game seed: 18262631584426558055

336 omnomnOMINOUS the Ducker (level 6, -1/35 (41) HPs)
             Began as an Octopode Wanderer on June 21, 2022.
             Was a Believer of Kikubaaqudgha.
             Succumbed to an orc wizard's poison
             ... on level 4 of the Dungeon.
             The game lasted 00:11:25 (4144 turns).

omnomnOMINOUS the Ducker (Octopode Wanderer)        Turns: 4144, Time: 00:11:26

HP:   -1/35 (41)    AC:  1    Str: 11    XL:     6   Next: 54%
MP:   3/9           EV: 13    Int: 20    God:    Kikubaaqudgha [**....]
Gold: 289           SH:  0    Dex:  8    Spells: 7/9 levels left

rFire   . . .      SeeInvis .   a - +0 dagger (venom)
rCold   . . .      Faith    .   (no shield)
rNeg    . . .      Spirit   .   i - +0 hat
rPois   .          Reflect  .   (no amulet)
rElec   .          Harm     .   (no ring)
rCorr   .          Rampage  .   (no ring)
Will    .....                   (no ring)
Stlth   ++........              (no ring)
HPRegen 0.11/turn               (no ring)
MPRegen 0.11/turn               (no ring)
                                (no ring)
                                (no ring)

@: lethally poisoned (-1 -> -14), heavily drained
A: almost no armour, amphibious, 8 rings, camouflage 1, gelatinous body 1,
(nimble swimmer 1), tentacles
a: Renounce Religion, Unearth Wretches


You were on level 4 of the Dungeon.
You worshipped Kikubaaqudgha.
Kikubaaqudgha was pleased with you.
You visited 1 branch of the dungeon, and saw 4 of its levels.

You collected 289 gold pieces.

Inventory:

Hand Weapons
 a - a +0 dagger of venom (weapon)
Missiles
 j - 9 datura-tipped darts
 v - 2 poisoned darts
 w - 5 throwing nets (quivered)
Armour
 i - a +0 hat (worn)
Magical Staves
 b - a staff of fire
 D - a staff of poison
Wands
 c - a wand of flame (2)
 H - a wand of paralysis (12)
Scrolls
 d - 2 scrolls of blinking
 e - 2 scrolls of fog {unknown}
 k - 3 scrolls of identify
 m - 2 scrolls of immolation {unknown}
 n - 2 scrolls of magic mapping {unknown}
 r - 2 scrolls of teleportation {unknown}
 t - 2 scrolls of vulnerability {unknown}
 y - 4 scrolls of amnesia
 z - a scroll of silence {unknown}
 A - a scroll of fear {unknown}
 F - a scroll of poison {unknown}
 G - a scroll of torment {unknown}
Potions
 f - a potion of brilliance {unknown}
 g - a potion of lignification {unknown}
 h - 2 potions of attraction {unknown}
 l - a potion of resistance {unknown}
 o - 3 potions of magic
 p - a potion of heal wounds
 q - a potion of invisibility {unknown}
 s - a potion of curing {unknown}
 u - 2 potions of might {unknown}
 x - a potion of berserk rage {unknown}
 B - a potion of ambrosia {unknown}
 C - a potion of flight {unknown}
 E - 2 potions of degeneration {unknown}


   Skills:
 + Level 2.9 Fighting
 + Level 4.4 Dodging
 - Level 2.0 Spellcasting
 - Level 2.3 Conjurations
 * Level 3.8 Necromancy
 - Level 1.0 Fire Magic
 - Level 1.0 Invocations
 - Level 2.1 Evocations


You had 7 spell levels left.
You knew the following spells:

 Your Spells              Type           Power      Damage    Failure   Level
a - Foxfire               Conj/Fire      32%        2x1d5     8%          1
b - Necrotize             Necr           68%        1d7       3%          1

Your spell library contained the following spells:

 Spells                   Type           Power      Damage    Failure   Level
 Sublimation of Blood     Necr           17%        N/A       4%          2
 Wereblood                Tmut           2%         N/A       24%         2
 Dazzling Flash           Conj/Hex       12%        N/A       28%         3
 Animate Dead             Necr           17%        N/A       32%         4
 Anguish                  Hex/Necr       4%         N/A       56%         4
 Summon Hydra             Summ           1%         N/A       100%        7


Dungeon Overview and Level Annotations

Branches:
Dungeon (4/15)
 Temple: D:4-7

Altars:
Elyvilon
Kikubaaqudgha

Annotations:
D:1 exclusion: gnoll


Innate Abilities, Weirdness & Mutations

You cannot wear most types of armour.
You are amphibious.
You can wear up to eight rings at the same time.
Your skin changes colour to match your surroundings (Stealth+).
Your rubbery body absorbs attacks. (AC +1, EV +1)
((You are camouflaged when in or above water. (Stealth+)))
You have tentacles for arms and can constrict up to eight enemies at once.


Message History

Confirm with . or Enter, or press ? or * to list all spells.
You conjure some foxfire!
The foxfire hits the necrophage.
The necrophage is moderately damaged.
The foxfire hits the necrophage.
The necrophage is heavily damaged.
Casting: Foxfire (safe; 8% risk of failure)
Confirm with . or Enter, or press ? or * to list all spells.
You conjure some foxfire!
The necrophage hits you.
The orc priest looks braver for a moment.
Found 2 metallic brown potions.
The foxfire hits the orc.
You kill the orc!
Kikubaaqudgha accepts your kill.
The foxfire hits the necrophage.
The necrophage is heavily damaged.
Casting: Foxfire (safe; 8% risk of failure)
Confirm with . or Enter, or press ? or * to list all spells.
You conjure some foxfire!
The necrophage hits you!
You feel drained.
The foxfire hits the necrophage.
The necrophage is severely damaged.
The foxfire hits the necrophage.
The necrophage is severely damaged.
Casting: Foxfire (safe; 8% risk of failure)
Confirm with . or Enter, or press ? or * to list all spells.
You conjure some foxfire!
The necrophage hits you.
You feel drained.
The necrophage attacks as you move away!
The necrophage hits you.
You feel drained.
The foxfire hits something.
The foxfire hits the necrophage.
The necrophage is severely damaged.
Casting: Foxfire (safe; 8% risk of failure)
Confirm with . or Enter, or press ? or * to list all spells.
You conjure some foxfire!
The necrophage hits you.
* * * LOW HITPOINT WARNING * * *
You feel drained.
* * * LOW HITPOINT WARNING * * *
Something hits you.
* * * LOW HITPOINT WARNING * * *
You are lethally poisoned!
You die...
Kikubaaqudgha rasps: "You have failed me!
Welcome... death!"

#.....##.#....#.#
#.).........##. ######
#......#'###...........##.
####......)##...........##.
#>...<......'...........'')
#.###....o.##...........##.
#...+......'...............
#####....nv#######........#
#..^..v##### ###......#
#.....@....# #......#
#..........# #......#
.............# #......#
.............# #......
.!...........#
.............#
........###### .......


You could see a necrophage (ally target) and an orc priest.

Vanquished Creatures
  An ogre (D:4)
  Natasha (thrice) (D:3)
  An adder (D:3)
  2 worms (D:3)
  4 dart slugs
  5 orcs
  7 ball pythons
  4 endoplasms
  6 giant cockroaches
  6 goblins
  6 hobgoblins
  4 kobolds (D:1)
  A quokka (D:3)
  5 bats
  6 frilled lizards
  7 rats
68 creatures vanquished.

Vanquished Creatures (collateral kills)
  An ogre (D:4)
  2 foxfires (D:3)
3 creatures vanquished.

Vanquished Creatures (others)
  117 foxfires
  3 plants (D:3)
  3 toadstools (D:1)
123 creatures vanquished.

Grand Total: 194 creatures vanquished

Notes
Turn   | Place    | Note
-------+----------+-------------------------------------------
     0 | D:1      | omnomnOMINOUS the Octopode Wanderer began the quest for the
                  | Orb.
     0 | D:1      | omnomnOMINOUS set off with the following items: a +0 club,
                  | 2 throwing nets, a wand of flame (3), a scroll of blinking,
                  | a +0 hat; and the following spell memorised: Foxfire; and
                  | the following spells available to memorise: Dazzling Flash.
     0 | D:1      | Reached XP level 1. HP: 11/11 MP: 3/3
   246 | D:1      | Reached XP level 2. HP: 18/18 MP: 5/5
   569 | D:1      | Reached skill level 1 in Fighting
   854 | D:1      | Reached skill level 1 in Fire Magic
   921 | D:1      | Found a faded altar of an unknown god.
   932 | D:1      | Prayed at the altar of an unknown god.
   932 | D:1      | Became a worshipper of Kikubaaqudgha
   932 | D:1      | Reached * piety under Kikubaaqudgha
   932 | D:1      | Received a gift from Kikubaaqudgha
  1071 | D:1      | Reached XP level 3. HP: 22/23 MP: 6/6
  2032 | D:3      | Reached skill level 1 in Necromancy
  2274 | D:3      | Found a white marble altar of Elyvilon.
  2302 | D:3      | Noticed Natasha
  2324 | D:3      | Killed Natasha
  2325 | D:3      | Reached XP level 4. HP: 15/29 MP: 2/7
  2389 | D:3      | Noticed Natasha
  2401 | D:3      | Killed Natasha
  2520 | D:3      | Noticed Natasha
  2533 | D:3      | Killed Natasha
  2534 | D:3      | Reached XP level 5. HP: 8/34 MP: 3/8
  3080 | D:3      | Reached ** piety under Kikubaaqudgha
  3189 | D:3      | Learned a level 1 spell: Necrotize
  3653 | D:4      | Noticed an ogre
  3735 | D:4      | Killed an ogre
  3736 | D:4      | Reached skill level 4 in Dodging
  3736 | D:4      | Reached XP level 6. HP: 41/41 MP: 2/9
  4144 | D:4      | HP: 1/35 [something (6)]
  4144 | D:4      | Succumbed to an orc wizard's poison

Illustrated notes

Levels and vault maps discovered:
D:1:      amcnicky_arrival_underground_garden, layout_basic,
          shapermc_ecumenical_altar_pompeii, minmay_gold_behind_fungi,
          minmay_ruptured
D:2:      layout_rooms, chequers_serial_rivers_large_a
D:3:      layout_basic, elyvilon_altar_5, serial_forest,
          infiniplex_forest_lined_corner, infiniplex_forest_clump_large,
          infiniplex_forest_clump_diagonal, infiniplex_forest_lined_room_2,
          infiniplex_forest_end_1, infiniplex_forest_clump_medium,
          infiniplex_forest_clump_small, infiniplex_forest_straight_5,
          infiniplex_forest_lined_corner, infiniplex_forest_corner_1,
          uniq_natasha
D:4:      layout_basic

Skill      XL: |  1  2  3  4  5 |
---------------+----------------+-----
Fighting       | 1 2 |  2.9
Fire Magic     | 1 |  1.0
Necromancy     | 1 2 3 |  3.8
Dodging        | 4 |  4.4
Spellcasting   | |  2.0
Conjurations   | |  2.3
Invocations    | |  1.0
Evocations     | |  2.1

Action                   |  1- 3 |  4- 6 || total
-------------------------+-------+-------++-------
Melee: Club              |     7 |       ||     7
       Short sword       |    33 |       ||    33
       Constrict         |    12 |     5 ||    17
       Tentacles         |     7 |     9 ||    16
       Punch             |     1 |       ||     1
       Mace              |    11 |     2 ||    13
       Staff             |    10 |     6 ||    16
       Dagger            |       |    24 ||    24
 Cast: Foxfire           |    32 |    37 ||    69
       Necrotize         |       |     9 ||     9
Evoke: Wand              |     1 |       ||     1
  Use: Scroll            |     3 |       ||     3
       Potion            |       |     2 ||     2
 Stab: Sleeping          |     9 |       ||     9
Armor: Skin              |     8 |     7 ||    15
Dodge: Dodged            |    50 |    30 ||    80

Table legend: (Time is in decaauts)
 A = Elapsed time spent in this place.
 B = Non-inter-level travel time spent in this place.
 C = Inter-level travel time spent in this place.
 D = Time resting spent in this place.
 E = Time spent auto-exploring this place.
 F = Levels seen in this place.
 G = Mean time per level.
                   A        B        C        D        E       F      G
               +--------+--------+--------+--------+--------+-----+--------+
         Total |   4160 |   4063 |     97 |   1164 |   2188 |   4 | 1040.0 |
       Dungeon |   4160 |   4063 |     97 |   1164 |   2188 |   4 | 1040.0 |
               +--------+--------+--------+--------+--------+-----+--------+

Top non-repeatable levels by time:
     D:3: 1663 daAuts
     D:1: 1422 daAuts
     D:4: 608 daAuts
     D:2: 465 daAuts
